 Dungeon Crawl Stone Soup version 0.25.1-9-gc5326a611f (webtiles) character file.

Game seed: 6978633233653945492

22 Clowwww the Magician (level 2, 0/19 HPs)
             Began as a Demonspawn Wizard on Dec 30, 2020.
             Slain by a kobold
             ... wielding a +0 whip
              (5 damage)
             ... on level 1 of the Dungeon.
             The game lasted 00:01:59 (1022 turns).

Clowwww the Magician (Demonspawn Wizard)            Turns: 1022, Time: 00:02:00

Health: 0/19       AC:  2    Str:  7    XL:     2   Next: 68%
Magic:  0/6        EV: 12    Int: 19    God:
Gold:   38         SH:  0    Dex: 11    Spells: 5/8 levels left

rFire    . . .     SeeInvis .   (no weapon)
rCold    . . .     Gourm    .   (no shield)
rNeg     . . .     Faith    .   a - +0 robe
rPois    .         Spirit   +   b - +0 hat
rElec    .         Reflect  .   (no cloak)
rCorr    .         Harm     .   (no gloves)
MR       .....                  (no boots)
Stlth    ++........             e - amulet of guardian spirit
HPRegen  0.06/turn              (no ring)
MPRegen  0.10/turn              (no ring)

@: very slightly contaminated
A: antennae 1
a: no special abilities


You were on level 1 of the Dungeon.
You were not hungry.

You visited 1 branch of the dungeon, and saw 1 of its levels.

You collected 38 gold pieces.

Inventory:

Armour
 a - a +0 robe (worn)
 b - a +0 hat (worn)
Jewellery
 e - an amulet of guardian spirit (around neck)
Scrolls
 f - 2 scrolls of identify {unknown}
Comestibles
 c - a chunk of flesh
 d - a ration


   Skills:
 + Level 0.1 Fighting
 + Level 1.9 Dodging
 + Level 2.0 Stealth
 + Level 3.6 Spellcasting
 + Level 1.1 Conjurations
 + Level 1.0 Summonings
   Level 0.8 Translocations


You had 5 spell levels left.
You knew the following spells:

 Your Spells              Type           Power        Failure   Level  Hunger
a - Magic Dart            Conj           #...         9%          1    None
b - Call Imp              Summ           #.......     14%         2    ##.....

Your spell library contained the following spells:

 Spells                   Type           Power        Failure   Level  Hunger
 Blink                    Tloc           N/A          16%         2    ##.....
 Slow                     Hex            #.......     22%         2    ##.....
 Conjure Flame            Conj/Fire      #.......     34%         3    ###....
 Mephitic Cloud           Conj/Pois/Air  #.......     36%         3    ###....


Dungeon Overview and Level Annotations

Branches:
Dungeon (1/15)

Altars:


Innate Abilities, Weirdness & Mutations

You have a pair of small antennae on your head.


Message History

Casting: Call Imp (safe; 14% risk of failure)
Confirm with . or Enter, or press ? or * to list all spells.
Aiming: Magic Dart (safe; 9% risk of failure)
Press: ? - help, Shift-Dir - straight line, f/p - kobold
Aim: a kobold, wielding a +0 whip (severely wounded)
The magic dart hits the kobold but does no damage.
The kobold is severely wounded.
The bat hits you but does no damage.
The bat hits your crimson imp but does no damage.
The kobold hits you with a +0 whip.
You closely miss the kobold.
The kobold is severely wounded.
Your crimson imp barely misses the bat.
The bat hits you. The kobold closely misses you.
You closely miss the kobold.
The kobold is severely wounded.
The bat hits you.
* * * LOW HITPOINT WARNING * * *
The bat barely misses you. The kobold hits you with a +0 whip.
You die...

........# ........#
....$...# ........#
...5....# ......5.#
......bK###############
.......@..>...........#
..?.....############)##
......b.# #.# ........#
#.# ######### #.# #.#
#.# #.# #.#


You could see 2 bats, a kobold and 2 friendly crimson imps.

Vanquished Creatures
  A leopard gecko (D:1)
  4 bats (D:1)
  3 goblins (D:1)
  3 hobgoblins (D:1)
  A frilled lizard (D:1)
  3 kobolds (D:1)
  3 rats (D:1)
18 creatures vanquished.

Notes
Turn   | Place    | Note
-------+----------+-------------------------------------------
     0 | D:1      | Clowwww the Demonspawn Wizard began the quest for the Orb.
     0 | D:1      | Reached XP level 1. HP: 13/13 MP: 4/4
   186 | D:1      | Gained mutation: You have a pair of small antennae on your
                  | head. [demonic ancestry]
   186 | D:1      | Reached XP level 2. HP: 19/19 MP: 1/6
   891 | D:1      | Learned a level 2 spell: Call Imp
  1022 | D:1      | Slain by a kobold

Illustrated notes

Levels and vault maps discovered:
D:1:      dpeg_arrival_court, layout_basic

Skill      XL: |  1  2 |
---------------+-------+-----
Stealth        | 2 |  2.0
Fighting       | |  0.1
Dodging        | |  1.9
Spellcasting   | |  3.6
Conjurations   | |  1.1
Summonings     | |  1.0
Translocations | |  0.8

Action                   || total
-------------------------++-------
Melee: Unarmed           ||    48
 Cast: Magic Dart        ||    33
       Call Imp          ||     2
Armor: Robe              ||    15
Dodge: Dodged            ||    43
